 Dungeon Crawl Stone Soup version 0.23-b1-51-gfe822ef6ca (webtiles) character file.

Game seed: 11325717704409004725

6943 Peloso the Carver (level 10, -3/90 HPs)
             Began as a Minotaur Fighter on Feb 4, 2019.
             Was an Elder of Okawaru.
             Slain by a large abomination (23 damage)
             ... in a Gauntlet.
             The game lasted 00:23:51 (10940 turns).

Peloso the Carver (Minotaur Fighter)               Turns: 10940, Time: 00:23:51

Health: -3/90      AC: 19    Str: 25    XL:     10   Next: 80%
Magic:  9/9        EV:  8    Int: 14    God:    Okawaru [****..]
Gold:   569        SH: 13    Dex: 11    Spells: 9/9 levels left

rFire    . . .     SeeInvis .   a - +1 long sword
rCold    . . .     Gourm    .   c - +1 shield
rNeg     . . .     Faith    .   r - +0 plate armour
rPois    .         Spirit   .   (helmet restricted)
rElec    .         Reflect  .   (no cloak)
rCorr    .         Harm     .   q - +2 pair of gloves {archery}
MR       .....     NoTele   +   v - +0 pair of boots
Stlth    ..........             (no amulet)
HPRegen  0.25/turn              m - +2 ring of strength
MPRegen  0.11/turn              L - +4 ring of intelligence

@: brilliant, hasted, very quick
A: retaliatory headbutt, horns 2
a: Heroism, Renounce Religion


You were in a Gauntlet.
You worshipped Okawaru.
Okawaru was greatly pleased with you.
You were not hungry.

You visited 2 branches of the dungeon, and saw 12 of its levels.
You also visited: Sewer and Gauntlet.

You collected 719 gold pieces.
You spent 150 gold pieces at shops.

Inventory:

Hand Weapons
 a - a +1 long sword (weapon)
Armour
 b - a +0 scale mail
 c - a +1 shield (worn)
 q - a +2 pair of gloves of archery (worn)
 r - a +0 plate armour (worn)
 v - a +0 pair of boots (worn)
Jewellery
 j - an uncursed ring of protection from fire
 m - a +2 ring of strength (left hand)
 p - an uncursed ring of ice
 G - an uncursed ring of see invisible
 J - an uncursed ring of stealth
 L - a +4 ring of intelligence (right hand)
Wands
 o - a wand of paralysis (3)
 t - a wand of iceblast (14)
 u - a wand of polymorph (8)
 M - a wand of acid (9)
Scrolls
 g - 3 scrolls of teleportation
 h - 4 scrolls of remove curse
 B - a scroll of blinking {unknown}
 C - 3 scrolls of fear {unknown}
 D - 2 scrolls of enchant weapon
 F - a scroll of amnesia
 H - a scroll of fog {unknown}
 K - a scroll of vulnerability {unknown}
 N - a scroll of acquirement {unknown}
Potions
 e - 4 potions of flight
 i - a potion of invisibility
 k - 3 potions of curing
 l - 3 potions of haste
 n - 2 potions of mutation
 s - a potion of cancellation
 w - 3 potions of heal wounds
 x - a potion of resistance {unknown}
 z - a potion of berserk rage {unknown}
 E - 3 potions of brilliance
 I - a potion of lignification {unknown}
Miscellaneous
 d - a lamp of fire
Comestibles
 f - 15 rations


   Skills:
 + Level 8.9 Fighting
 + Level 11.1 Long Blades
 + Level 9.8 Armour
 + Level 3.8 Dodging
 + Level 1.2 Stealth
 + Level 10.6 Shields
 + Level 1.0 Unarmed Combat
 + Level 0.5 Invocations


You had 9 spell levels left.
You didn't know any spells.
Your spell library was empty.

Dungeon Overview and Level Annotations

Branches:
Dungeon (11/15)            Temple (1/1) D:5            Lair (0/6) D:8
    Orc (0/2) D:11

Altars:
Ashenzari
Cheibriados
Dithmenos
Elyvilon
Fedhas
Hepliaklqana
Makhleb
Nemelex Xobeh
Okawaru
Qazlal
Sif Muna
Trog
Uskayaw
Vehumet
Wu Jian
Xom
Yredelemnul
Zin
The Shining One
Jiyva

Shops:
D:5 [   D:11 [

Annotations:
Gauntlet 15 transporters, exclusion: ice statue


Innate Abilities, Weirdness & Mutations

You reflexively headbutt those who attack you in melee.
You have a pair of horns on your head.


Message History

Unknown command.
You hit the small abomination but do no damage.
You headbutt the small abomination.
The small abomination is moderately damaged.
You block the small abomination's attack.
The large abomination completely misses you.
You block the small abomination's attack.
The small abomination hits you.
* * * LOW HITPOINT WARNING * * *
You hit the small abomination but do no damage.
The small abomination is moderately damaged.
You block the small abomination's attack.
Unknown command.
You slash the small abomination!
The small abomination is severely damaged.
You block the small abomination's attack.
The small abomination hits you.
* * * LOW HITPOINT WARNING * * *
The large abomination hits you!!
You die...

#..###########...######
#..#.........#...#Z....
#..#.........#...#Z#...
#..#..#..P#..#...#Z.##.
#..#.........#.###..##.
#..#....©....#.#©#..#.©
#..#.........#.#.#..#
#..#.x#X..#..#.#.#..
#..#..@x.....#.#.#.#..
#..#...x©?[..#.#.#....
#..#############.#####
#......#©........#....
#8.....#########.######
#####..........#.#.....
#8.........#.#k.##.
#########..#.#.#..#
#..#.#.#.©#


You could see a large abomination and 3 small abominations.

Vanquished Creatures
  A centaur warrior (D:9)
  A two-headed ogre (D:10)
  A large abomination (Gauntlet)
  An ugly thing (D:10)
  Prince Ribbit (D:8)
  A hippogriff (D:7)
  A shadow (D:10)
  The ghost of Oravi the Chopper, an amateur NaWr (D:3)
  2 small abominations (Gauntlet)
  A water moccasin (D:8)
  2 ice beasts (D:7)
  A sky beast (D:5)
  2 phantoms
  5 ogres
  6 centaurs
  3 big kobolds
  3 bullfrogs
  A wyvern zombie (D:7)
  2 gnoll sergeants
  A scorpion (D:6)
  5 killer bees
  7 wights
  A howler monkey (D:5)
  2 crimson imps (D:5)
  A quasit (D:5)
  A bullfrog zombie (D:10)
  2 jellies
  3 orc priests
  A centaur skeleton (D:4)
  A hound (D:11)
  7 orc wizards
  A bullfrog skeleton (D:10)
  5 iguanas
  5 worker ants
  9 gnolls
  12 adders
  3 river rats
  4 shadow imps
  An ooze (D:4)
  An adder zombie (D:10)
  2 adder skeletons
  3 worms
  2 dart slugs
  4 leopard geckos
  19 orcs
  2 ball pythons
  8 bats
  6 giant cockroaches
  2 gnoll zombies (D:7)
  8 goblins
  11 hobgoblins
  15 jackals
  A quokka (D:4)
  A frilled lizard (D:2)
  2 jackal skeletons
  24 kobolds
  13 rats
232 creatures vanquished.

Vanquished Creatures (others)
  21 demonic plants (Gauntlet)
21 creatures vanquished.

Grand Total: 253 creatures vanquished

Notes
Turn   | Place    | Note
-------+----------+-------------------------------------------
     0 | D:1      | Peloso the Minotaur Fighter began the quest for the Orb.
     0 | D:1      | Reached XP level 1. HP: 19/19 MP: 0/0
   229 | D:1      | Reached XP level 2. HP: 25/27 MP: 1/1
   768 | D:2      | Reached XP level 3. HP: 27/33 MP: 2/2
   771 | D:2      | Found a radiant altar of Vehumet.
   825 | D:2      | You fall through a shaft for 2 floors!
   840 | D:4      | Found a burning altar of Makhleb.
   854 | D:4      | Found a hazy altar of Hepliaklqana.
   860 | D:4      | Reached skill level 3 in Long Blades
   862 | D:4      | Reached XP level 4. HP: 36/40 MP: 3/3
   893 | D:4      | Found a deep blue altar of Sif Muna.
   899 | D:4      | Found a sparkling altar of Nemelex Xobeh.
  1351 | D:3      | Found a runed translucent gate.
  1351 | D:3      | Found a runed translucent gate.
  1351 | D:3      | Found a runed translucent gate.
  1351 | D:3      | Noticed Oravi's ghost (amateur NaWr)
  1442 | D:2      | Found a hide-covered altar of Uskayaw.
  1442 | D:2      | Found a shadowy altar of Dithmenos.
  1542 | D:2      | Reached XP level 5. HP: 47/47 MP: 4/4
  1601 | D:2      | Reached skill level 4 in Long Blades
  1883 | D:3      | Reached skill level 5 in Shields
  2013 | D:3      | Reached skill level 5 in Armour
  2417 | D:3      | Found a blossoming altar of Fedhas.
  2968 | D:4      | Reached skill level 1 in Dodging
  2968 | D:4      | Reached XP level 6. HP: 50/53 MP: 5/5
  3157 | D:4      | Reached skill level 5 in Long Blades
  3285 | D:4      | Found an ornate altar of the Wu Jian Council.
  3498 | D:5      | Entered Level 5 of the Dungeon
  3506 | D:5      | Found Tubues's Antique Armour Shoppe.
  3513 | D:5      | Reached skill level 5 in Fighting
  3513 | D:5      | Reached XP level 7. HP: 59/61 MP: 6/6
  3523 | D:5      | You fall through a shaft for 3 floors!
  3550 | D:8      | Reached skill level 6 in Long Blades
  3965 | D:8      | Reached skill level 7 in Long Blades
  3965 | D:8      | Reached XP level 8. HP: 57/68 MP: 7/7
  4167 | D:8      | HP: 3/69 [poisoned by a water moccasin]
  4172 | D:8      | HP: 2/69 [poisoned by a water moccasin]
  4179 | D:8      | HP: 2/69 [poisoned by a water moccasin]
  4187 | D:8      | HP: 2/69 [poisoned by a water moccasin]
  4638 | D:8      | Found a glowing golden altar of the Shining One.
  4713 | D:6      | Reached skill level 1 in Unarmed Combat
  4933 | D:6      | Found a glowing drain.
  4950 | Sewer    | Entered a sewer
  5195 | Sewer    | Found a white marble altar of Elyvilon.
  5319 | D:5      | Bought a pair of embroidered gloves for 150 gold pieces
  5334 | D:5      | Found a staircase to the Ecumenical Temple.
  5351 | Temple   | Entered the Ecumenical Temple
  5357 | Temple   | Reached skill level 8 in Long Blades
  5497 | Temple   | Became a worshipper of Warmaster Okawaru
  5560 | D:5      | Found a snail-covered altar of Cheibriados.
  6076 | D:3      | Killed Oravi's ghost
  6076 | D:3      | Reached * piety under Okawaru
  6076 | D:3      | Reached XP level 9. HP: 64/75 MP: 8/8
  6152 | D:6      | Found a shattered altar of Ashenzari.
  6688 | D:7      | Reached skill level 9 in Long Blades
  6997 | D:7      | Reached ** piety under Okawaru
  7311 | D:7      | Found a basalt altar of Yredelemnul.
  7462 | D:8      | Noticed Prince Ribbit
  7543 | D:8      | Killed Prince Ribbit
  7681 | D:8      | Found a staircase to the Lair.
  8222 | D:9      | Found a stormy altar of Qazlal.
  8509 | D:10     | Entered Level 10 of the Dungeon
  8511 | D:10     | Noticed a centaur warrior
  8532 | D:9      | Killed a centaur warrior
  8532 | D:9      | Reached *** piety under Okawaru
  8532 | D:9      | Reached skill level 10 in Long Blades
  8532 | D:9      | Reached XP level 10. HP: 79/89 MP: 9/9
  8619 | D:10     | Reached skill level 1 in Stealth
  9079 | D:10     | Noticed a cyan ugly thing
  9579 | D:10     | Killed a cyan ugly thing
  9579 | D:10     | Reached **** piety under Okawaru
  9998 | D:10     | Noticed a two-headed ogre
 10031 | D:10     | Killed a two-headed ogre
 10031 | D:10     | Reached skill level 10 in Shields
 10355 | D:11     | Found Qemiddu's Armour Shoppe.
 10389 | D:11     | Noticed a gargoyle
 10424 | D:11     | Found a gate leading to a gauntlet.
 10430 | D:11     | Found a staircase to the Orcish Mines.
 10436 | Gauntlet | Entered a Gauntlet
 10436 | Gauntlet | Found a transporter.
 10436 | Gauntlet | Found a transporter.
 10447 | Gauntlet | Found a transporter.
 10447 | Gauntlet | Found a transporter.
 10457 | Gauntlet | Found a transporter.
 10458 | Gauntlet | Found a transporter.
 10465 | Gauntlet | Noticed a hell beast
 10467 | Gauntlet | Found a transporter.
 10467 | Gauntlet | Found a transporter.
 10467 | Gauntlet | Noticed a hell beast
 10509 | Gauntlet | Noticed a wizard
 10512 | Gauntlet | Found a transporter.
 10520 | Gauntlet | Noticed a large abomination
 10554 | Gauntlet | Found a transporter.
 10566 | Gauntlet | Found a transporter.
 10583 | Gauntlet | Found a transporter.
 10737 | Gauntlet | Found a transporter.
 10754 | Gauntlet | Found a transporter.
 10767 | Gauntlet | Noticed an ice statue
 10768 | Gauntlet | Found a transporter.
 10784 | Gauntlet | Found a transporter.
 10936 | Gauntlet | Killed a large abomination
 10936 | Gauntlet | Reached skill level 11 in Long Blades
 10940 | Gauntlet | Slain by a large abomination

Skill      XL: |  1  2  3  4  5  6  7  8  9 10 |
---------------+-------------------------------+-----
Armour         | 4 5 6 7 9 |  9.8
Shields        | 4 5 6 7 8 10 | 10.6
Fighting       | 4 5 6 8 |  8.9
Long Blades    | 3 4 5 7 8 10 11 | 11.1
Dodging        | 1 2 3 |  3.8
Unarmed Combat | 1 |  1.0
Stealth        | 1 |  1.2
Invocations    | |  0.5

Action                   |  1- 3 |  4- 6 |  7- 9 | 10-12 || total
-------------------------+-------+-------+-------+-------++-------
Melee: Long sword        |    52 |   172 |   391 |   160 ||   775
       Headbutt          |    11 |    28 |    85 |    39 ||   163
       Unarmed           |       |       |     6 |       ||     6
Invok: Heroism           |       |       |       |     4 ||     4
  Use: Potion            |       |       |     1 |     4 ||     5
       Scroll            |       |       |    10 |     5 ||    15
  Eat: Chunk             |       |     4 |    13 |     3 ||    20
       Ration            |       |     1 |     1 |     2 ||     4
Armor: Scale mail        |    25 |    81 |    50 |       ||   156
       Plate armour      |       |       |   107 |   108 ||   215
Dodge: Dodged            |    19 |    59 |   107 |    68 ||   253
Block: Shield            |    23 |   103 |   243 |   195 ||   564
       Rpst.: Long sword |     9 |    17 |    35 |    17 ||    78
